 Dungeon Crawl Stone Soup version 0.16.2-12-gd0ad4c3 (webtiles) character file.

17770 Jouve the Spear-Bearer (level 12, 0/101 HPs)
             Began as a Hill Orc Fighter on Sept 12, 2015.
             Was an Initiate of Gozag.
             Slain by a raven (4 damage)
             ... led by a tengu conjurer
             ... on level 13 of the Dungeon.
             The game lasted 00:33:21 (11795 turns).

Jouve the Spear-Bearer (Hill Orc Fighter)          Turns: 11795, Time: 00:33:21

Health: 0/101      AC: 14    Str: 20    XL:     12   Next: 51%
Magic:  24/24      EV:  8    Int: 10    God:    Gozag
Gold:   1106       SH: 11    Dex: 14    Spells: 0 memorised, 11 levels left

rFire  . . .     SeeInvis +     I - +8 spear "Vuegyipt" {drain, rPois Str-4 Int+2 Dex+4 SInv}
rCold  . . .     Clarity  .     b - +1 scale mail
rNeg   . . .     SustAb   .     c - +0 shield
rPois  +         Gourm    .     (no helmet)
rElec  .         Spirit   .     d - +2 cloak {MR+}
rCorr  +         Warding  .     u - +0 pair of gloves
rMut   .         Stasis   .     (no boots)
MR     ++...                    L - amulet of resist corrosion (curse)
Stlth  +.........               y - ring of protection from magic
                                f - ring of stealth

@: very slightly contaminated, very resistant to hostile enchantments, very
unstealthy
A: no striking features
a: Potion Petition, Call Merchant, Bribe Branch, Renounce Religion


You were on level 13 of the Dungeon.
You worshipped Gozag.
Gozag was noncommittal.
You were not hungry.

You visited 1 branch of the dungeon, and saw 13 of its levels.

You collected 2689 gold pieces.
You paid 1583 gold pieces to Gozag.

Inventory:

Hand weapons
 a - a +0 war axe
 h - a +4 hand axe of flaming
 I - the +8 spear "Vuegyipt" (weapon) {drain, rPois Str-4 Int+2 Dex+4 SInv}
   (You found it on level 6 of the Dungeon)

   A truly terrible weapon, it drains the life of those it strikes.
   It affects your strength (-4).
   It affects your intelligence (+2).
   It affects your dexterity (+4).
   It protects you from poison.
   It enhances your eyesight.
Armour
 b - a +1 scale mail (worn)
 c - a +0 shield (worn)
 d - a +2 cloak of magic resistance (worn)
 u - a +0 pair of gloves (worn)
 G - the +2 robe of Hide-and-Seek {rC+ Int+3}
   (You found it on level 7 of the Dungeon)

   It affects your intelligence (+3).
   It protects you from cold.
Jewellery
 f - a ring of stealth (left hand)
 r - an uncursed ring of fire
 x - an uncursed ring of positive energy
 y - a ring of protection from magic (right hand)
 A - an uncursed amulet of regeneration
 D - an uncursed ring of flight
 J - an uncursed amulet of warding
 L - a cursed amulet of resist corrosion (around neck)
 R - an uncursed ring of wizardry {unknown}
 W - a +3 ring of protection {unknown}
Magical devices
 e - a wand of random effects (26)
 n - a wand of polymorph (12)
 v - a wand of lightning (4)
 H - a wand of paralysis (13)
 N - a wand of slowing (25)
 O - a wand of enslavement (9)
 T - a wand of lightning (6)
 V - a wand of confusion (35)
 X - a wand of confusion (44)
Scrolls
 k - 2 scrolls of fog
 l - 2 scrolls of blinking
 w - 2 scrolls of recharging
 z - 7 scrolls of remove curse
 U - a scroll of enchant armour
 Y - a scroll of identify
Potions
 g - a potion of agility
 i - 3 potions of restore abilities {unknown}
 j - 3 potions of magic
 m - a potion of degeneration
 o - a potion of lignification {unknown}
 p - a potion of invisibility
 q - 4 potions of curing
 C - 2 potions of brilliance
 E - 2 potions of haste {unknown}
 K - a potion of poison {unknown}
 M - a potion of resistance
Books
 s - a book of Beasts

   Spells                             Type                      Level
   a - Summon Butterflies             Summoning                    1
   b - Call Canine Familiar           Summoning                    3
   c - Summon Ice Beast               Ice/Summoning                4
   d - Summon Mana Viper              Hexes/Summoning              5
   e - Monstrous Menagerie            Summoning                    6
   f - Summon Hydra                   Summoning                    7
Comestibles
 t - 5 bread rations
 F - 9 fruits
 P - 3 meat rations
 Q - a slice of pizza
 S - a beef jerky


   Skills:
 - Level 7.8 Fighting
 - Level 7.6(12.8) Axes
 + Level 13.7(14.2) Polearms
 - Level 8.9 Armour
 - Level 9.0 Shields
 + Level 9.0 Evocations


You had 11 spell levels left.
You didn't know any spells.

Dungeon Overview and Level Annotations

Branches:
Dungeon (13/15)            Temple (0/1) D:5            Lair (0/8) D:8
    Orc (0/4) D:12
 Vaults: D:13-14

Altars:
Ashenzari
Elyvilon
Fedhas
Gozag
Makhleb
Nemelex Xobeh
Qazlal
Ru
Trog
The Shining One
Beogh

Shops:
D:12 =   D:15 %

Annotations:
D:9 Prince Ribbit


Message History

Blink to where?
Press: ? - help, Dir - move target cursor You are very lightly contaminated with residual magic.
As you read the scroll of blinking, it crumbles to dust.
The centaur warrior shoots an arrow.
The arrow hits you!
* * * LOW HITPOINT WARNING * * *
The centaur wields a shortbow.
The centaur shoots an arrow.
The arrow completely misses you.
The tengu conjurer shouts!
The centaur warrior shoots an arrow.
The arrow hits you!
* * * LOW HITPOINT WARNING * * *
You block the ufetubus' attack.
The ufetubus hits you but does no damage.
You block the raven's attack. The raven claws you.
* * * LOW HITPOINT WARNING * * *
The centaur warrior shoots an arrow.
You block the arrow.
The ufetubus hits you but does no damage. x2
The raven pecks you.
You die...
Your body crumbles into a pile of gold.

....# ......# .#
#.#...# .# +.#...#..#.
######.#...#.[. #
........#...#.###..
........#..........
........#........... #
#......#@....c..... +.
#......#5b....8....
#..#+####..boc........
#.......#..o..........
..##.##...#Qo(.........
..........'b......#.#..
..≈.......#...$...#.# .
≈≈≈...####.......#
≈≈≈§.. .........#


You could see a centaur warrior, 3 ravens, a tengu conjurer, a centaur, 3 orcs
and an ufetubus.

Vanquished Creatures
  Harold (D:10)
  The ghost of Jouve the Covert, a powerful SpEn of Dithmenos (D:12)
  An ice statue (D:12)
  Pikel (D:4)
  2 hill giants (D:12)
  An ugly thing (D:12)
  Joseph (D:8)
  2 centaur zombies
  A gargoyle (D:12)
  A centaur skeleton (D:12)
  An efreet (D:13)
  A troll (D:12)
  A fire drake (D:8)
  A polar bear (D:12)
  A merfolk (D:9)
  3 two-headed ogres
  A shadow (D:11)
  A wyvern (D:8)
  2 deep elf magi
  4 vampire mosquitoes (D:12)
  Grum (D:9)
  26 yaks
  A hungry ghost (D:10)
  A steam dragon (D:11)
  4 wolves (D:9)
  Edmund (D:9)
  A water moccasin (D:7)
  4 orc warriors
  2 black bears
  A necrophage (D:10)
  4 sky beasts
  An ice beast (D:11)
  An eye of draining (D:10)
  2 wasps
  6 ogres
  A crocodile (D:12)
  Sigmund (D:5)
  Duvessa (D:7)
  2 big kobolds
  4 giant frogs
  8 centaurs
  A water moccasin zombie (D:5)
  A wyvern skeleton (D:12)
  5 scorpions
  4 killer bees (D:10)
  4 wights (D:12)
  3 electric eels
  Dowan (D:7)
  3 goliath beetles
  A crimson imp (D:8)
  3 giant frog zombies
  A wyvern simulacrum (D:13)
  A quasit (D:5)
  2 jellies
  3 orc priests (D:12)
  5 hounds
  An iguana (D:9)
  A giant frog skeleton (D:5)
  10 orc wizards
  4 worker ants
  Ijyb (D:2)
  Terence (D:3)
  A hound skeleton (D:8)
  2 hound zombies
  A worker ant zombie (D:7)
  6 adders
  13 gnolls
  A white imp (D:13)
  6 worms
  2 giant mites
  A shadow imp (D:8)
  An adder zombie (D:8)
  An adder skeleton (D:5)
  6 giant geckos
  43 orcs
  4 giant cockroaches
  6 goblins
  19 hobgoblins
  6 jackals (D:2)
  3 quokkas
  A ball python zombie (D:3)
  13 bats
  5 giant newts
  16 kobolds
  17 rats
  A ballistomycete (D:12)
  A fungus (D:10)
333 creatures vanquished.

Vanquished Creatures (others)
  A wizard (D:5)
  A giant frog skeleton (D:4)
  A worker ant (D:4)
  A hobgoblin (D:4)
  A kobold (D:4)
  A quokka (D:4)
  A giant spore (D:12)
  A goblin (D:4)
  A jackal skeleton (D:4)
  A fungus (D:12)
  2 plants (D:12)
12 creatures vanquished.

Grand Total: 345 creatures vanquished

Notes
Turn   | Place    | Note
--------------------------------------------------------------
     0 | D:1      | Jouve, the Hill Orc Fighter, began the quest for the Orb.
     0 | D:1      | Reached XP level 1. HP: 19/19 MP: 1/1
   264 | D:1      | Reached XP level 2. HP: 26/26 MP: 2/2
   625 | D:2      | Reached skill level 4 in Axes
   650 | D:2      | Noticed Ijyb
   697 | D:2      | Reached XP level 3. HP: 28/31 MP: 3/3
   846 | D:2      | Killed Ijyb
   846 | D:2      | Reached skill level 5 in Axes
  1206 | D:2      | Reached XP level 4. HP: 26/39 MP: 4/4
  1558 | D:2      | Reached skill level 6 in Axes
  2078 | D:3      | Reached XP level 5. HP: 42/45 MP: 5/5
  2082 | D:3      | Noticed a giant frog
  2093 | D:3      | Killed a giant frog
  2093 | D:3      | Reached skill level 7 in Axes
  2271 | D:3      | Reached XP level 6. HP: 21/52 MP: 6/6
  2460 | D:3      | Noticed Terence
  2469 | D:3      | Killed Terence
  2469 | D:3      | Reached skill level 1 in Evocations
  2787 | D:4      | Noticed Pikel
  2805 | D:4      | Killed Pikel
  2805 | D:4      | Reached skill level 5 in Fighting
  2805 | D:4      | Reached XP level 7. HP: 5/61 MP: 7/10
  3490 | D:4      | Found a sacrificial altar of Ru.
  3636 | D:5      | Entered Level 5 of the Dungeon
  3753 | D:5      | Reached skill level 5 in Armour
  3798 | D:5      | Reached XP level 8. HP: 69/69 MP: 10/12
  3801 | D:5      | Reached skill level 5 in Shields
  3829 | D:5      | Found an opulent altar of Gozag.
  3829 | D:5      | Found a sparkling altar of Nemelex Xobeh.
  3847 | D:5      | Became a worshipper of Gozag Ym Sagoz the Greedy
  3876 | D:5      | Found a shattered altar of Ashenzari.
  3999 | D:5      | Found a staircase to the Ecumenical Temple.
  4084 | D:5      | Noticed Sigmund
  4097 | D:5      | Killed Sigmund
  4110 | D:5      | Found a bloodstained altar of Trog.
  4195 | D:5      | Noticed a wizard
  4198 | D:5      | Killed a wizard
  4794 | D:6      | Got a fine spear
  4796 | D:6      | Identified a scroll of acquirement
  4848 | D:6      | Found a glowing golden altar of the Shining One.
  5221 | D:7      | Noticed Dowan
  5222 | D:7      | Noticed Duvessa
  5232 | D:7      | Killed Duvessa
  5232 | D:7      | Reached skill level 5 in Evocations
  5248 | D:7      | Killed Dowan
  5248 | D:7      | Reached XP level 9. HP: 71/78 MP: 16/16
  5312 | D:7      | Identified the +8 spear "Vuegyipt" {drain, rPois Str-4 Int+2 Dex+4 SInv} (You found it on level 6 of the Dungeon)
  5336 | D:7      | Reached skill level 1 in Polearms
  5431 | D:7      | Got a wizard robe
  5432 | D:7      | Identified the +2 robe of Hide-and-Seek {rC+ Int+3} (You found it on level 7 of the Dungeon)
  5871 | D:8      | Reached skill level 5 in Polearms
  5919 | D:8      | Noticed Joseph
  5945 | D:8      | Killed Joseph
  6189 | D:8      | Found a white marble altar of Elyvilon.
  6247 | D:8      | Found a stormy altar of Qazlal.
  6400 | D:8      | Noticed a fire drake
  6403 | D:8      | Found a staircase to the Lair.
  6412 | D:8      | Killed a fire drake
  6412 | D:8      | Reached skill level 8 in Polearms
  6593 | D:8      | Reached XP level 10. HP: 68/84 MP: 18/18
  6734 | D:9      | Reached skill level 9 in Polearms
  6772 | D:9      | Noticed Edmund
  6791 | D:9      | Killed Edmund
  6939 | D:9      | Reached skill level 10 in Polearms
  7319 | D:9      | Noticed Grum
  7350 | D:9      | Killed Grum
  7350 | D:9      | Reached skill level 11 in Polearms
  7482 | D:9      | Noticed Prince Ribbit
  7564 | D:10     | Entered Level 10 of the Dungeon
  8027 | D:10     | Reached skill level 12 in Polearms
  8098 | D:10     | Found a burning altar of Makhleb.
  8213 | D:10     | Noticed Harold
  8233 | D:10     | Killed Harold
  8233 | D:10     | Reached XP level 11. HP: 59/94 MP: 18/20
  9713 | D:12     | Noticed a hill giant
  9721 | D:12     | Killed a hill giant
  9833 | D:12     | Noticed a hill giant
  9842 | D:12     | Killed a hill giant
  9901 | D:12     | Found a staircase to the Orcish Mines.
  9969 | D:12     | Found a roughly hewn altar of Beogh.
  9999 | D:12     | Found Dihyorgh's Jewellery Shoppe.
 10464 | D:12     | Found a blossoming altar of Fedhas.
 10604 | D:12     | Reached XP level 12. HP: 101/101 MP: 22/22
 10636 | D:12     | Noticed Jouve's ghost (powerful SpEn)
 10657 | D:12     | Killed Jouve's ghost
 10657 | D:12     | Reached skill level 13 in Polearms
 10834 | D:12     | Noticed an ice statue
 10860 | D:12     | Killed an ice statue
 11787 | D:13     | Noticed a centaur warrior
 11795 | D:13     | HP: 5/101 [centaur warrior/arrow (17)]
 11795 | D:13     | Slain by a raven

Action                   |  1- 3 |  4- 6 |  7- 9 | 10-12 || total
-------------------------+-------+-------+-------+-------++-------
Melee: War axe           |   110 |   117 |       |       ||   227
       Unarmed           |     6 |       |       |       ||     6
       Hand axe          |       |    27 |   236 |       ||   263
       Spear             |       |       |   161 |   864 ||  1025
Invok: Call Merchant     |       |       |       |     2 ||     2
  Use: Scroll            |     5 |     7 |    12 |     4 ||    28
       Potion            |       |     2 |       |     6 ||     8
 Stab: Distracted        |       |       |       |     3 ||     3
  Eat: Bread ration      |     1 |       |     1 |     1 ||     3
       Pizza             |       |     1 |       |     1 ||     2
       Meat ration       |       |       |     2 |     2 ||     4
